 Dungeon Crawl Stone Soup version 0.21-a0-113-g6841d05 (webtiles) character file.

100 Ordine the Conjurer (level 4, 0/24 HPs)
             Began as a Tengu Wizard on July 12, 2017.
             Slain by Veteran's ghost (11 damage)
             ... on level 3 of the Dungeon.
             The game lasted 00:06:24 (2290 turns).

Ordine the Conjurer (Tengu Wizard)                  Turns: 2290, Time: 00:06:24

Health: 0/24       AC:  6    Str:  7    XL:     4   Next: 73%
Magic:  2/9        EV: 13    Int: 20    God:
Gold:   89         SH:  0    Dex: 12    Spells: 6/9 levels left

rFire    . . .     SeeInvis .   n - +3 hand axe (chop)
rCold    . . .     Gourm    .   (no shield)
rNeg     . . .     Faith    .   a - +0 robe
rPois    .         Spirit   .   b - +1 hat
rElec    .         Reflect  .   g - +2 cloak {MR+}
rCorr    .         Harm     .   (no gloves)
MR       +....                  (boots unavailable)
Stlth    ++........             (no amulet)
HPRegen  0.08/turn              (no ring)
MPRegen  0.11/turn              (no ring)

@: no status effects
A: beak, talons 3
a: no special abilities


You were on level 3 of the Dungeon.
You were not hungry.

You visited 1 branch of the dungeon, and saw 3 of its levels.

You collected 89 gold pieces.

Inventory:

Hand Weapons
 n - a +3 hand axe of chopping (weapon)
Armour
 a - a +0 robe (worn)
 b - a +1 hat (worn)
 g - a +2 cloak of magic resistance (worn)
Scrolls
 i - a scroll of teleportation
 j - 3 scrolls of remove curse
Potions
 e - 2 potions of mutation
 h - a potion of heal wounds
Books
 c - a book of Minor Magic

   Spells                             Type                      Level
   a - Magic Dart                     Conjuration                  1
   b - Blink                          Translocation                2
   c - Call Imp                       Summoning                    2
   d - Slow                           Hexes                        2
   e - Conjure Flame                  Conjuration/Fire             3
   f - Mephitic Cloud                 Conjuration/Poison/Air       3
Comestibles
 d - 3 bread rations
 f - 2 fruits
 o - a meat ration


   Skills:
 + Level 0.2 Fighting
 + Level 2.9 Dodging
 + Level 2.8 Stealth
 - Level 3.0 Spellcasting
 - Level 4.0 Conjurations
   Level 1.2 Summonings
 + Level 1.5 Translocations


You had 6 spell levels left.
You knew the following spells:

 Your Spells              Type           Power        Failure   Level  Hunger
a - Magic Dart            Conj           ###.         2%          1    None
b - Blink                 Tloc           N/A          12%         2    ##.....


Dungeon Overview and Level Annotations

Branches:
Dungeon (3/15)

Altars:
Yredelemnul

Annotations:
D:2 1 runed door
D:3 Veteran's ghost, amateur GrFi


Innate Abilities, Weirdness & Mutations

You have a beak for a mouth.
You have claws for feet.


Message History

Aiming: Magic Dart
Press: ? - help, Shift-Dir - straight line, f/p - Veteran's ghost
Aim: Veteran's ghost The magic dart hits Veteran's ghost.
Casting: Magic Dart
Confirm with . or Enter, or press ? or * to list all spells.
Aiming: Magic Dart
Press: ? - help, Shift-Dir - straight line, f/p - Veteran's ghost
Aim: Veteran's ghost The magic dart hits Veteran's ghost.
Veteran's ghost hits you!
Ouch! That really hurt!
Casting: Magic Dart
Confirm with . or Enter, or press ? or * to list all spells.
Aiming: Magic Dart
Press: ? - help, Shift-Dir - straight line, f/p - Veteran's ghost
Aim: Veteran's ghost The magic dart hits Veteran's ghost.
Veteran's ghost is lightly damaged.
Veteran's ghost hits you!
You die...

....#
#..........#.#.#
###.##
######.##.##.#.#
.....# #.##.# .#
###..# #.##.# #
#..# #.#... #
#..#############
#..... #
#..............#
###.... #
#.############.#
.#. ###........
#@# .....######
#W# ###.## #.#
###.# .#. .##.#
. . #.#.# .. ..
.##.# .. ..
.##.# ... ...
....#


You could see Veteran's ghost.

Vanquished Creatures
  Crazy Yiuf (D:2)
  A human zombie (D:2)
  An ooze (D:2)
  2 orcs (D:3)
  7 bats
  2 giant cockroaches
  5 goblins
  4 hobgoblins
  3 jackals (D:1)
  A quokka (D:3)
  2 frilled lizards (D:2)
  A goblin zombie (D:2)
  2 kobolds
  2 rats
34 creatures vanquished.

Notes
Turn   | Place    | Note
-------+----------+-------------------------------------------
     0 | D:1      | Ordine the Tengu Wizard began the quest for the Orb.
     0 | D:1      | Reached XP level 1. HP: 10/10 MP: 5/5
   166 | D:1      | Reached skill level 2 in Conjurations
   385 | D:1      | Reached XP level 2. HP: 15/15 MP: 4/7
   393 | D:1      | Learned a level 2 spell: Blink
  1007 | D:2      | Found a runed door.
  1007 | D:2      | Noticed a human
  1013 | D:2      | Found a basalt altar of Yredelemnul.
  1147 | D:2      | Reached skill level 3 in Conjurations
  1147 | D:2      | Reached skill level 1 in Translocations
  1147 | D:2      | Reached XP level 3. HP: 17/19 MP: 0/8
  1481 | D:2      | Found a runed door.
  1550 | D:2      | Reached XP level 4. HP: 24/24 MP: 0/9
  1800 | D:2      | Noticed Crazy Yiuf
  1807 | D:2      | HP: 1/24 [Crazy Yiuf/quarterstaff of chaos (12)]
  1820 | D:2      | Killed Crazy Yiuf
  1820 | D:2      | Reached skill level 4 in Conjurations
  2284 | D:3      | Noticed Veteran's ghost (amateur GrFi)
  2290 | D:3      | Slain by Veteran's ghost

Vault maps used:
D:1:      dpeg_arrival_orchard, serial_bayou_crossing
D:2:      dk_yredelemnul_ordeal, uniq_crazy_yiuf_cottage

Skill      XL: |  1  2  3  4 |
---------------+-------------+-----
Conjurations   | 2 3 4 |  4.0
Translocations | 1 |  1.5
Fighting       | |  0.2
Dodging        | |  2.9
Stealth        | |  2.8
Spellcasting   | |  3.0
Summonings     | |  1.2

Action                   |  1- 3 |  4- 6 || total
-------------------------+-------+-------++-------
Melee: Unarmed           |     3 |       ||     3
       Peck              |     1 |       ||     1
       Whip              |     2 |       ||     2
       Hand axe          |     1 |     2 ||     3
 Cast: Magic Dart        |    82 |    30 ||   112
       Blink             |       |     2 ||     2
  Use: Scroll            |     7 |     3 ||    10
       Potion            |       |     7 ||     7
  Eat: Chunk             |     2 |     2 ||     4
Armor: Robe              |     2 |       ||     2
       Skin              |       |     1 ||     1
Dodge: Dodged            |     6 |     8 ||    14
